 Dungeon Crawl Stone Soup version 0.31-a0-265-gcf7e37af1d (webtiles) character file.

Game seed: 17300441294647579394

64 qw the Shooter (level 4, -2/26 HPs)
             Began as a Gargoyle Hexslinger on July 13, 2023.
             Slain by Pargi (3 damage)
             ... on level 3 of the Dungeon.
             The game lasted 00:00:31 (1173 turns).

qw the Shooter (Gargoyle Hexslinger)                Turns: 1173, Time: 00:00:31

Health: -2/26      AC:  8    Str: 12    XL:     4   Next: 12%
Magic:  5/5        EV: 10    Int: 13    God:
Gold:   85         SH:  0    Dex: 14    Spells: 4/5 levels left

rFire   . . .        Y - +2 sling
rCold   . . .        (no shield)
rNeg    + . .        g - +0 ring mail
rPois   inf          (no helmet)
rElec   +            (no cloak)
rCorr   .            (no gloves)
SInv    .            (no boots)
Will    .....        (no amulet)
Stlth   +            (no ring)
HPRegen 0.24/turn    (no ring)
MPRegen 0.09/turn

%: no passive effects
@: about to teleport
A: sickness immunity, AC +3, negative energy resistance 1, electricity
resistance, torment resistance 1, petrification resistance
a: no special abilities


You were on level 3 of the Dungeon.
You visited 1 branch of the dungeon, and saw 3 of its levels.

You collected 85 gold pieces.


Innate Abilities, Weirdness & Mutations

You are immune to sickness and miasma.
Your stone body is resilient. (AC +3)
You are immune to poison.
You resist negative energy. (rN+)
You are resistant to electric shocks. (rElec)
You are resistant to unholy torment.
You are immune to petrification.


   Skills:
 - Level 2.0 Fighting
 + Level 3.9 Ranged Weapons
 - Level 1.5 Dodging
 - Level 1.0 Spellcasting
 - Level 2.6 Hexes


You had 4 spell levels left.
You knew the following spells:

 Your Spells              Type           Power      Damage    Failure   Level
a - Slow                  Hex            28%        N/A       22%         1

Your spell library contained the following spells:

 Spells                   Type           Power      Damage    Failure   Level
 Inner Flame              Hex/Fire       4%         N/A       73%         3
 Portal Projectile        Hex/Tloc       8%         N/A       73%         3
 Cause Fear               Hex            3%         N/A       91%         4

Inventory:

Hand Weapons
 Y - a +2 sling (weapon)
Armour
 g - a +0 ring mail (worn)
Jewellery
 b - a ring of protection from fire
 f - a ring of ice
Scrolls
 i - a scroll of identify
Potions
 d - a potion of degeneration {unknown}

Dungeon Overview and Level Annotations

Branches:
Dungeon (2/15)

Altars:

Annotations:
D:3 Pargi


Message History

Pargi bites you. Pargi claws you but does no damage. x2
You shoot a sling bullet. The sling bullet closely misses Pargi.
Pargi bites you. Pargi claws you but does no damage. Pargi claws you.
You shoot a sling bullet. The sling bullet misses Pargi.
Pargi barely misses you. x2; Pargi claws you.
Pargi closely misses you. Pargi claws you but does no damage.
Pargi barely misses you.
You shoot a sling bullet. The sling bullet hits Pargi.
Pargi is moderately wounded.
Pargi bites you! Pargi claws you but does no damage. Pargi barely misses you.
You shoot a sling bullet. The sling bullet closely misses Pargi.
Pargi barely misses you. Pargi closely misses you. Pargi barely misses you.
You shoot a sling bullet. The sling bullet hits Pargi!
Pargi is heavily wounded.
Pargi closely misses you. Pargi claws you but does no damage. x2
Pargi barely misses you. Pargi claws you but does no damage.
Pargi barely misses you.
You shoot a sling bullet. The sling bullet hits Pargi!
Pargi is severely wounded.
Pargi bites you but does no damage. Pargi claws you but does no damage. x2
You shoot a sling bullet. The sling bullet hits Pargi.
Pargi is severely wounded.
Pargi bites you. Pargi claws you. Pargi closely misses you.
You shoot a sling bullet. The sling bullet closely misses Pargi.
Pargi bites you but does no damage. Pargi closely misses you.
Pargi claws you but does no damage. Pargi bites you.
Pargi closely misses you. x2
You shoot a sling bullet. The sling bullet barely misses Pargi.
Pargi barely misses you. Pargi claws you but does no damage.
Pargi barely misses you.
You shoot a sling bullet. The sling bullet closely misses Pargi.
Pargi bites you. Pargi claws you. Pargi claws you but does no damage.
1172 ||| READING scroll of teleportation.
As you read the scroll of teleportation, it crumbles to dust.
You feel strangely unstable. Pargi bites you but does no damage.
Pargi barely misses you. Pargi claws you but does no damage.
You shoot a sling bullet. The sling bullet hits Pargi.
Pargi is severely wounded.
Pargi barely misses you. Pargi claws you but does no damage.
Pargi barely misses you. x2; Pargi claws you but does no damage.
Pargi claws you.
You die...

#+# ### ###.# #...
#...# #####
#....####.#.####...
+....T@..........#
#....###..#.#....#
#...
#.........#####
#...
#..#.#.#......# #..
#.............## #.
#..#.#.#.#....+. #
#.............#.
#..#.......#....
#...............


You could see Pargi.

Vanquished Creatures
  3 adders (D:3)
  A dart slug (D:1)
  5 ball pythons
  3 endoplasms
  A giant cockroach (D:1)
  6 hobgoblins (D:1)
  5 kobolds (D:1)
  6 bats
  A frilled lizard (D:1)
  3 rats
34 creatures vanquished.

Notes
Turn   | Place    | Note
-------+----------+-------------------------------------------
     0 | D:1      | qw the Gargoyle Hexslinger began the quest for the Orb.
     0 | D:1      | Reached XP level 1. HP: 12/12 MP: 2/2
     0 | D:1      | 0 ||| qw: Version: 0.3-a-52-g30416fa
     0 | D:1      | 0 ||| qw: Game counter: 7580
     0 | D:1      | 0 ||| qw: Melee chars always use a shield: true
     0 | D:1      | 0 ||| qw: God list: Okawaru
     0 | D:1      | 0 ||| qw: Allow faded altars: false
     0 | D:1      | 0 ||| qw: Do Orc after clearing Dungeon:15 true
     0 | D:1      | 0 ||| qw: Do second Lair branch before Depths: true
     0 | D:1      | 0 ||| qw: Lair rune preference: random
     0 | D:1      | 0 ||| qw: Goals: Normal
     0 | D:1      | 0 ||| PLANNING D:1-11
   162 | D:1      | Reached XP level 2. HP: 16/16 MP: 3/3
   286 | D:1      | Reached skill level 3 in Ranged Weapons
   534 | D:1      | Reached XP level 3. HP: 19/21 MP: 4/4
   944 | D:1      | 944 ||| UPGRADING to +0 ring mail.
   954 | D:1      | 954 ||| DROPPING +0 robe.
   955 | D:1      | 955 ||| READING scroll labelled EMMIPY QUISTIGH.
   958 | D:1      | 958 ||| READING scroll labelled DUANUPSYCS.
   974 | D:1      | 974 ||| READING 2 scrolls labelled ISSEVIG JANEG.
   975 | D:1      | 975 ||| READING scroll labelled CALIDI ONIUMIALI.
   976 | D:1      | 976 ||| DROPPING scroll of poison.
  1015 | D:2      | You fall into a shaft and drop 1 floor!
  1097 | D:3      | Reached XP level 4. HP: 25/26 MP: 5/5
  1154 | D:3      | Noticed Pargi
  1171 | D:3      | HP: 4/26 [Pargi (5)]
  1171 | D:3      | HP: 1/26 [Pargi (3)]
  1172 | D:3      | 1172 ||| READING scroll of teleportation.
  1173 | D:3      | Slain by Pargi

Levels and vault maps discovered:
D:1:      ncdulo_smallfort, layout_basic
D:2:      layout_loops_cross, nicolae_concentric_dashed_squares_mild,
          chequers_avenue, minmay_door_square, kennysheep_generic_room_12
D:3:      layout_basic, lemuel_zombie_altar_kikubaaqudgha,
          hangedman_decor_riveting, uniq_jessica, uniq_pargi

Skill      XL: |  1  2 |
---------------+-------+-----
Ranged Weapons | 3 |  3.9
Fighting       | 2 |  2.0
Dodging        | |  1.5
Spellcasting   | |  1.0
Hexes          | |  2.6

Action                     |  1- 3 |  4- 6 || total
---------------------------+-------+-------++-------
   Fire: Sling             |   103 |    25 ||   128
    Use: Scroll            |     4 |     1 ||     5
 Armour: Robe              |    11 |       ||    11
         Ring mail         |     8 |    29 ||    37
  Dodge: Dodged            |    24 |    21 ||    45

Table legend:
 A = Non-vault XP
 B = Vault XP
 C = Vault XP percentage of total XP
 D = Non-vault monster count
 E = Vault monster count
 F = Vault count percentage of total count
                 A         B        C        D         E       F
            +---------+---------+-------+---------+---------+-------
      Total |      92 |       0 |   0.0 |      34 |       0 |   0.0
            +---------+---------+-------+---------+---------+-------
        D:1 |      45 |       0 |   0.0 |      26 |       0 |   0.0
        D:3 |      47 |       0 |   0.0 |       8 |       0 |   0.0
            +---------+---------+-------+---------+---------+-------
